[Event "Team 45 45 League T86"]
[Site "Internet Chess Club"]
[Date "2020.10.31"]
[Round "5"]
[White "rgadoury"]
[Black "Conjurer"]
[Result "0-1"]
[WhiteElo "1144"]
[BlackElo "1219"]
[Opening "Sicilian defense"]
[ECO "B30"]
[Time "13:01:03"]
[TimeControl "2700+45"]

1. e4 c5 2. Nf3 Nc6 3. Bc4 e6 4. O-O Nf6 5. c3 Nxe4 6. Re1 d5 7. Bb5 a6 8. Bxc6+
bxc6 9. b3 g6 10. d3 Nf6 11. Ne5 Qd6 12. Nd2 Bg7 13. Ndf3 O-O 14. Ba3 Nd7 15.
Nxd7 Bxd7 16. d4 Qf4 17. Bxc5 Rfe8 18. g3 Qg4 19. Qd3 Qf5 20. Qxf5 gxf5 21. Bd6
f6 22. a4 a5 23. Bf4 Rac8 24. Rab1 c5 25. dxc5 Rxc5 26. Re3 e5 27. Rbe1 e4 28.
Nd4 Kf7 29. h3 Kg6 30. Kg2 Bh6 31. Bxh6 Kxh6 32. Kh2 Kg5 33. f4+ Kh6 34. Rg1
Rec8 35. Rc1 Kg7 36. g4 fxg4 37. hxg4 Rg8 38. Nf5+ Bxf5 39. gxf5 Kf7 40. Rg1
Rcc8 41. Rxg8 Rxg8 42. Rg3 Rb8 43. b4 axb4 44. cxb4 Rxb4 45. Ra3 Ke7 46. Kh3 Kd6
47. Kh4 d4 48. Kh5 d3 49. Kh6 d2 50. Ra1 e3 51. Kxh7 e2 52. Kg7 e1=Q 53. Rxe1
dxe1=Q 54. Kxf6 Qh4+ {White resigns} 0-1

[Event "Team 45 45 League T86"]
[Site "Internet Chess Club"]
[Date "2020.11.02"]
[Round "5"]
[White "rkjulianjr"]
[Black "sdcohle"]
[Result "0-1"]
[WhiteElo "1346"]
[BlackElo "1372"]
[Opening "QGD Slav defense: exchange variation"]
[ECO "D10"]
[Time "20:01:34"]
[TimeControl "2700+45"]

1. d4 d5 2. c4 c6 3. cxd5 cxd5 4. Bf4 Nf6 5. Nc3 e6 6. Nf3 a6 7. e3 Nc6 8. Rc1
Bd6 9. Bxd6 Qxd6 10. Bd3 O-O 11. Qc2 Nb4 12. Qb1 Nxd3+ 13. Qxd3 Bd7 14. a4 Rac8
15. Ne5 Bxa4 16. O-O Bc6 17. Rc2 Rc7 18. Rfc1 Rfc8 19. f3 Nd7 20. Nxc6 Rxc6 21.
e4 f6 22. Kf2 Qxh2 23. exd5 exd5 24. Nxd5 Rxc2+ 25. Rxc2 Rxc2+ 26. Qxc2 Qh4+ 27.
Ke3 Qg5+ 28. Nf4 Qb5 29. Ne6 Qc6 30. Qb3 Qb6 31. Qd5 Qc6 32. Qb3 Qb5 33. Qa3 Qd5
34. Qe7 Qb3+ 35. Kf2 Qc2+ 36. Kg3 Qg6+ 37. Kf2 Qf7 38. Qd8+ Nf8 39. Nc5 g6 40.
Qc8 Qd5 41. Ne6 Qxe6 42. Qxb7 Qc4 43. Qb6 Qe6 44. Qd8 Kg7 45. d5 Qd7 46. Qa5 Qb5
47. Qd8 Qxb2+ 48. Kg3 Qe5+ 49. Kf2 Kf7 50. d6 Qe6 51. Qb6 a5 52. Qxa5 Qxd6 53.
Qa2+ Kg7 54. Qa7+ Nd7 55. Qe3 Qc5 56. Qxc5 Nxc5 57. Ke3 f5 58. g3 Kf6 59. g4
fxg4 60. fxg4 g5 61. Kf3 Ke5 62. Ke3 h6 63. Kf3 Ne4 64. Ke3 Kd5 65. Kf3 Kd4 66.
Ke2 Ke5 67. Kf3 Nd2+ 68. Ke3 Nf1+ 69. Kf3 Nh2+ 70. Kg3 Nxg4 71. Kxg4 Ke4 72. Kg3
h5 73. Kg2 Kf4 74. Kf2 h4 75. Kg2 g4 76. Kf2 g3+ 77. Kg2 h3+ 78. Kf1 Kf3 79. Kg1
g2 {White resigns} 0-1

[Event "Team 45 45 League T86"]
[Site "Internet Chess Club"]
[Date "2020.11.01"]
[Round "5"]
[White "gregorgg"]
[Black "CMAlge"]
[Result "1-0"]
[WhiteElo "1326"]
[BlackElo "1246"]
[Opening "Queen's pawn, Mason variation"]
[ECO "D00"]
[Time "13:01:23"]
[TimeControl "2700+45"]

1. d4 d5 2. Bf4 Nf6 3. e3 c5 4. c3 Nc6 5. Nd2 Qb6 6. Rb1 Bf5 7. dxc5 Qxc5 8. Nb3
Qb6 9. Bd3 e6 10. Bxf5 exf5 11. Nf3 Be7 12. Bg5 Rd8 13. Qd3 Ne4 14. Bxe7 Nxe7
15. O-O O-O 16. Nbd4 Qf6 17. Ne2 Ng6 18. Qd4 Qxd4 19. Nexd4 f4 20. exf4 Nxf4 21.
Rbd1 Nc5 22. Rd2 Ne4 23. Rdd1 Rfe8 24. g3 Ne6 25. Nb3 b6 26. Rd3 N4g5 27. Nxg5
Nxg5 28. Rfd1 d4 29. Nxd4 Rd6 30. Nb5 Rg6 31. Rd8 Kf8 32. Rxe8+ Kxe8 33. Nxa7
Nh3+ 34. Kf1 Rf6 35. f4 Nxf4 36. gxf4 Rxf4+ 37. Kg1 Ra4 38. Re1+ Kd7 39. Rd1+
Ke6 40. Nc8 Ra8 41. Nxb6 Rxa2 42. Rb1 Kd6 43. Nc4+ Ke6 44. Ne3 f5 45. b4 f4 46.
Ng4 Kf5 47. Nf2 f3 48. b5 Kf4 49. Nd1 Rg2+ 50. Kh1 Re2 51. Nb2 f2 52. Nd3+ Ke3
53. Nxf2 Kxf2 54. b6 Kf3 55. b7 Kg4 56. b8=Q Kh4 57. Qg3+ {Black resigns} 1-0

[Event "Team 45 45 League T86"]
[Site "Internet Chess Club"]
[Date "2020.11.02"]
[Round "5"]
[White "seldredg"]
[Black "dwmt"]
[Result "0-1"]
[WhiteElo "1319"]
[BlackElo "1125"]
[Opening "Queen's pawn: English defense"]
[ECO "A40"]
[Time "20:01:30"]
[TimeControl "2700+45"]

1. d4 b6 2. Nf3 Bb7 3. e3 d5 4. Bd3 e6 5. a3 Nf6 6. b3 g6 7. Bb2 Bg7 8. Nbd2
Nbd7 9. Qe2 O-O 10. Ne5 a5 11. h4 c5 12. c3 cxd4 13. cxd4 Rc8 14. Ndf3 Rc7 15.
Qd1 Qc8 16. Rc1 Rxc1 17. Bxc1 Ba6 18. Ng5 Bxd3 19. Nxd3 Ne4 20. Bb2 Nxg5 21.
hxg5 Qc7 22. Qc1 Qxc1+ 23. Bxc1 Rc8 24. Bb2 b5 25. Kd2 a4 26. bxa4 bxa4 27. f4
Nb6 28. Rc1 Nc4+ 29. Kc3 Nxe3+ 30. Kb4 Ra8 31. Nc5 Bf8 32. Ba1 Nxg2 33. Rf1 Ne3
34. Rc1 Bd6 35. Kc3 Bxf4 36. Rb1 Bxg5 37. Rb7 Nc4 38. Kb4 Bd2+ 39. Kb5 Nd6+ 40.
Kc6 Nxb7 41. Kxb7 Ra5 42. Nd7 h5 43. Nf6+ Kg7 44. Ne8+ Kh6 45. Nf6 g5 46. Ng8+
Kg7 47. Ne7 h4 {White resigns} 0-1

[Event "Team 45 45 League T86"]
[Site "Internet Chess Club"]
[Date "2020.10.29"]
[Round "5"]
[White "Insan996"]
[Black "Signofthetimes"]
[Result "0-1"]
[WhiteElo "1598"]
[BlackElo "1569"]
[Opening "QGD Slav defense: exchange variation"]
[ECO "D13"]
[Time "23:00:39"]
[TimeControl "2700+45"]

1. d4 c6 2. c4 d5 3. cxd5 cxd5 4. Nc3 Nf6 5. Nf3 Nc6 6. Bf4 a6 7. Ne5 Qb6 8.
Nxc6 bxc6 9. Qd2 e6 10. a3 Be7 11. e3 Bd7 12. Bd3 O-O 13. O-O a5 14. Rac1 Rfc8
15. Na4 Qa7 16. h3 c5 17. Nxc5 Bxc5 18. dxc5 Rxc5 19. Rxc5 Qxc5 20. Rc1 Qa7 21.
Rc7 Qb6 22. Qc2 Kf8 23. Be5 Ke7 24. Bxf6+ gxf6 25. Qc5+ Qxc5 26. Rxc5 h6 27. Kf1
Kd6 28. Rc3 Rb8 29. b3 e5 30. Ke2 Be6 31. Bc2 h5 32. g3 Bxh3 33. Kd2 Be6 34. Bd1
Rh8 35. b4 axb4 36. axb4 h4 37. gxh4 Rxh4 38. Rb3 d4 39. Rb2 Kc7 40. Kd3 Kb6 41.
Ba4 dxe3 42. Kxe3 Bd5 43. Be8 f5 44. Rd2 f4+ 45. Kd3 Rh3+ 46. Kc2 Bb3+ 47. Kb2
Be6 48. Ba4 Rh2 49. Rd6+ Kc7 50. Rd2 e4 51. Kc3 Rh8 52. Re2 f5 53. Kd4 Kd6 54.
Rc2 Rc8 55. Rc5 Rxc5 56. bxc5+ Kc7 57. Ke5 e3 58. Kxe6 e2 59. Bd7 {White
resigns} 0-1

[Event "Team 45 45 League T86"]
[Site "Internet Chess Club"]
[Date "2020.11.01"]
[Round "5"]
[White "scostanzo212"]
[Black "nidusin2"]
[Result "0-1"]
[WhiteElo "1606"]
[BlackElo "1679"]
[Opening "Old Indian defense"]
[ECO "A54"]
[Time "11:01:01"]
[TimeControl "2700+45"]

1. d4 d6 2. c4 Nd7 3. Nc3 e5 4. Nf3 Ngf6 5. Qc2 Be7 6. d5 c6 7. e4 Qc7 8. Be2
Nf8 9. O-O h6 10. Ne1 g5 11. Nd3 Ng6 12. Be3 Nf4 13. g3 Nxe2+ 14. Qxe2 Bh3 15.
Rfd1 Bg4 16. f3 Bh3 17. Nf2 Bd7 18. b4 Rg8 19. g4 h5 20. h3 hxg4 21. hxg4 O-O-O
22. c5 Kb8 23. cxd6 Bxd6 24. dxc6 Bxc6 25. b5 Be8 26. Qb2 Qe7 27. a4 Bd7 28. a5
Be6 29. b6 a6 30. Ne2 Nd7 31. Ng3 f6 32. Nf5 Bxf5 33. exf5 Nc5 34. Ne4 Nxe4 35.
fxe4 Rh8 36. Kg2 Rh4 37. Qe2 Rdh8 38. Rh1 Qh7 39. Rxh4 Qxh4 40. Rg1 Bb4 41. Qd1
Qh3+ 42. Kf2 Bxa5 43. Qd6+ Ka8 44. Qxf6 Rc8 45. Qxg5 Rc2+ 46. Bd2 Rxd2+ 47. Qxd2
Bxd2 48. Rd1 Be3+ 49. Ke1 Bxb6 {White resigns} 0-1

[Event "Team 45 45 League T86"]
[Site "Internet Chess Club"]
[Date "2020.10.28"]
[Round "5"]
[White "fireball"]
[Black "Kingofknights"]
[Result "0-1"]
[WhiteElo "1488"]
[BlackElo "1550"]
[Opening "Caro-Kann defense"]
[ECO "B10"]
[Time "18:01:36"]
[TimeControl "2700+45"]

1. e4 c6 2. Ne2 d5 3. e5 c5 4. d4 cxd4 5. Nxd4 e6 6. Bd3 Nc6 7. Nxc6 bxc6 8. O-O
Qc7 9. Qe2 Ne7 10. Nd2 c5 11. b3 Ng6 12. f4 Be7 13. Nf3 O-O 14. g3 Rd8 15. h4
Nf8 16. h5 Qb6 17. Kg2 a5 18. Bd2 Ba6 19. c4 dxc4 20. bxc4 Bb7 21. Rab1 Qc7 22.
Be4 Bxe4 23. Qxe4 Ra7 24. Rb5 Rb8 25. Rfb1 Rxb5 26. Rxb5 a4 27. Be3 Nd7 28. Ng5
g6 29. hxg6 hxg6 30. Nf3 Nb6 31. Rb1 a3 32. g4 Ra4 33. Nd2 Rb4 34. Rh1 Qd7 35.
Rc1 Rb2 36. Rc2 Qa4 37. Nb3 Qxc4 38. Qxc4 Nxc4 39. Rxb2 axb2 40. Nd2 Nxd2 41.
Bxd2 b1=Q {White resigns} 0-1

[Event "Team 45 45 League T86"]
[Site "Internet Chess Club"]
[Date "2020.11.01"]
[Round "5"]
[White "tightfist"]
[Black "tamky70"]
[Result "1/2-1/2"]
[WhiteElo "1458"]
[BlackElo "1316"]
[Opening "English opening"]
[ECO "A30"]
[Time "15:03:08"]
[TimeControl "2700+45"]

1. Nf3 Nf6 2. c4 c5 3. g3 Nc6 4. Bg2 d6 5. O-O Bd7 6. Nc3 g6 7. d4 Bg7 8. d5 Nb8
9. Re1 O-O 10. e4 Ng4 11. Qc2 Ne5 12. b3 Na6 13. a3 Nc7 14. Bb2 Qc8 15. Ne2 Bg4
16. Nxe5 Bxe5 17. Bxe5 dxe5 18. f3 Bh3 19. Qc3 Bxg2 20. Kxg2 f6 21. Rad1 Ne8 22.
f4 Nd6 23. Qf3 Nf7 24. g4 Qc7 25. h4 Rad8 26. Kg3 Rd6 27. Rh1 Qd7 28. h5 g5 29.
fxg5 Nxg5 30. Qf5 Qxf5 31. exf5 h6 32. Nc3 a6 33. Rhe1 Kf7 34. Ne4 Nxe4+ 35.
Rxe4 Rg8 36. b4 b6 37. bxc5 bxc5 38. Rb1 Rc8 39. Rb7 a5 40. Kf3 Ke8 41. Re2 Rd7
42. Reb2 Rxb7 43. Rxb7 Kd8 44. Rb5 a4 45. Ke4 Kc7 46. Rxc5+ Kd7 47. Rxc8 Kxc8
48. c5 Kc7 49. g5 fxg5 50. Kxe5 Kd7 51. f6 exf6+ 52. Kf5 Kc7 53. Kg4 Kd7 54. Kf5
Ke7 55. c6 Kd6 56. Kg4 Kc7 57. Kf5 Kd6 58. Kg4 Kc7 59. Kf5 Kd6 60. Kg4 Kc7 {Game
drawn by repetition} 1/2-1/2

[Event "Team 45 45 League T86"]
[Site "Internet Chess Club"]
[Date "2020.11.02"]
[Round "5"]
[White "QuieroAprender"]
[Black "Timmah4651"]
[Result "1-0"]
[WhiteElo "1606"]
[BlackElo "1504"]
[Opening "Queen's pawn, Mason variation, Steinitz counter-gambit"]
[ECO "D00"]
[Time "22:08:32"]
[TimeControl "2700+45"]

1. d4 d5 2. Bf4 c5 3. e3 Nf6 4. Nf3 Bf5 5. c3 Qb6 6. Qb3 c4 7. Qxb6 axb6 8. Nbd2
Nc6 9. Be2 b5 10. O-O b4 11. Nh4 Be4 12. f3 Bg6 13. Nxg6 hxg6 14. e4 e6 15. e5
Nd7 16. Rfb1 b5 17. Nf1 Nb6 18. Bd2 Be7 19. f4 O-O 20. Ne3 Ra7 21. Nc2 Rfa8 22.
a3 b3 23. Ne3 b4 24. cxb4 Nxd4 25. Kf1 Nc6 26. Rd1 Bxb4 27. Rac1 Bxd2 28. Rxd2
Ne7 29. Nd1 Na4 30. Nc3 Nxc3 31. Rxc3 Nf5 32. Kf2 Kf8 33. Rh3 Ke7 34. g4 Nh6 35.
Rd1 Rg8 36. Ke1 Raa8 37. Kd2 Rh8 38. Ra1 f5 39. exf6+ gxf6 40. a4 Nf7 41. Rxh8
Rxh8 42. a5 Rxh2 43. a6 Rh8 44. f5 gxf5 45. gxf5 e5 46. Ra5 Kd6 47. a7 Ra8 48.
Bh5 Nd8 49. Be8 d4 50. Ra6+ Kc7 51. Bb5 {Black forfeits on time} 1-0

[Event "Team 45 45 League T86"]
[Site "Internet Chess Club"]
[Date "2020.10.31"]
[Round "5"]
[White "Snuffleupegus"]
[Black "kabindra"]
[Result "0-1"]
[WhiteElo "1469"]
[BlackElo "1695"]
[Opening "Réti: old Indian attack"]
[ECO "A06"]
[Time "14:00:25"]
[TimeControl "2700+45"]

1. Nf3 d5 2. d3 Nc6 3. g3 e5 4. Bg2 Bg4 5. Nc3 Qd7 6. Bd2 O-O-O 7. b4 Bxb4 8.
Rb1 e4 9. Ne5 Nxe5 10. Rxb4 exd3 11. Bxd5 c6 12. f3 dxe2 13. Nxe2 Nxf3+ 14. Bxf3
Bxf3 15. Rf1 Bxe2 16. Kxe2 Nf6 17. Rf2 Rhe8+ 18. Kf1 Ne4 19. Re2 Nxd2+ 20. Kg2
Qd5+ 21. Kh3 Qh5+ 22. Rh4 Qxe2 {White resigns} 0-1

[Event "Team 45 45 League T86"]
[Site "Internet Chess Club"]
[Date "2020.10.31"]
[Round "5"]
[White "VictorRed"]
[Black "Grenadier"]
[Result "1-0"]
[WhiteElo "1634"]
[BlackElo "1559"]
[Opening "Queen's pawn game"]
[ECO "A45"]
[Time "08:30:44"]
[TimeControl "2700+45"]

1. d4 Nf6 2. g3 g6 3. Bg2 Bg7 4. Nf3 O-O 5. Nc3 d5 6. O-O Nbd7 7. Bg5 c6 8. Re1
Qb6 9. Qc1 e6 10. Rb1 Ne4 11. Be3 Nd6 12. Bh6 Nf5 13. Bxg7 Kxg7 14. Rd1 Nd6 15.
b3 Nb5 16. Nxb5 Qxb5 17. c4 dxc4 18. bxc4 Qa5 19. Qb2 Kg8 20. Rd3 Qc7 21. e4 b6
22. Qd2 Kg7 23. Bh3 Bb7 24. Qc3 Kg8 25. Rbd1 Rad8 26. Ng5 Rfe8 27. Bg2 h6 28.
Nf3 c5 29. d5 exd5 30. exd5 Ne5 31. Nxe5 Qxe5 32. Qd2 Qd6 33. Qxh6 Re7 34. Re3
Rde8 35. Rde1 Ba6 36. Bf1 Re5 37. Rxe5 Rxe5 38. Qf4 f6 39. Rxe5 Qxe5 40. Qxe5
fxe5 41. f3 Kf7 42. Kf2 Kf6 43. Ke3 Kf5 44. Bd3+ Kf6 45. h4 Bc8 46. g4 Bd7 47.
Ke4 a6 48. g5+ Kg7 49. Kxe5 b5 50. cxb5 axb5 51. Kd6 c4 52. Bb1 Bh3 53. Kc5 c3
54. d6 Bf5 55. Bxf5 gxf5 56. d7 c2 57. d8=Q c1=Q+ 58. Kxb5 Qb2+ 59. Kc6 Qc2+ 60.
Kd7 Qd2+ 61. Ke8 Qxa2 62. Qf6+ Kg8 63. Qxf5 Qa4+ 64. Ke7 Qb4+ 65. Ke6 Qxh4 66.
Qg6+ Kf8 67. Qf7# {Black checkmated} 1-0

[Event "Team 45 45 League T86"]
[Site "Internet Chess Club"]
[Date "2020.11.01"]
[Round "5"]
[White "GoIrish"]
[Black "Conjurer"]
[Result "1-0"]
[WhiteElo "1509"]
[BlackElo "1214"]
[Opening "Réti opening"]
[ECO "A05"]
[Time "14:07:54"]
[TimeControl "2700+45"]

1. Nf3 Nf6 2. g3 e6 3. Bg2 d5 4. O-O Nbd7 5. d3 c5 6. Nbd2 g6 7. e4 d4 8. e5 Nd5
9. Re1 Bg7 10. Nc4 O-O 11. a4 f6 12. exf6 N7xf6 13. Nce5 Qc7 14. Bg5 Nd7 15. Qe2
h6 16. Bd2 Nxe5 17. Nxe5 Bxe5 18. Qxe5 Qxe5 19. Rxe5 Rf5 20. Rxf5 gxf5 21. Bxh6
Bd7 22. a5 Bc6 23. Re1 Kf7 24. h4 Nb4 25. Bxc6 Nxc6 26. Bd2 b5 27. Kg2 Re8 28.
f3 Kg6 29. g4 e5 30. h5+ Kf6 31. g5+ Kg7 32. f4 e4 33. dxe4 Rxe4 34. Kf3 Rxe1
35. Bxe1 Ne7 36. Bf2 Nc6 37. c3 Nxa5 38. cxd4 c4 39. d5 a6 40. Bd4+ Kh7 41. g6+
Kg8 42. h6 Nb3 43. h7+ {Black resigns} 1-0

[Event "Team 45 45 League T86"]
[Site "Internet Chess Club"]
[Date "2020.11.01"]
[Round "5"]
[White "cap78red"]
[Black "kabindra"]
[Result "1-0"]
[WhiteElo "1435"]
[BlackElo "1668"]
[Opening "English: three knights system"]
[ECO "A27"]
[Time "13:01:19"]
[TimeControl "2700+45"]

1. c4 e5 2. Nc3 Nc6 3. Nf3 f5 4. e4 f4 5. d4 exd4 6. Nxd4 Nxd4 7. Qxd4 Nf6 8.
Bxf4 d6 9. O-O-O Be7 10. e5 c5 11. Qe3 Ng4 12. Qe2 O-O 13. exd6 Bg5 14. Bxg5
Qxg5+ 15. Qd2 Qxd2+ 16. Rxd2 Nxf2 17. Rg1 Bf5 18. Rxf2 {Black resigns} 1-0

[Event "Team 45 45 League T86"]
[Site "Internet Chess Club"]
[Date "2020.11.02"]
[Round "5"]
[White "Toalla"]
[Black "Visin"]
[Result "1-0"]
[WhiteElo "1158"]
[BlackElo "1210"]
[Opening "QGD Slav defense: exchange variation"]
[ECO "D13"]
[Time "14:08:06"]
[TimeControl "2700+45"]

1. d4 d5 2. c4 c6 3. cxd5 cxd5 4. Nc3 Nf6 5. Nf3 h6 6. Bf4 a6 7. e3 Bf5 8. Bd3
Qd7 9. Ne5 Qd8 10. Bxf5 e6 11. Bd3 Bb4 12. Qa4+ b5 13. Qxb4 Qe7 14. Qxe7+ Kxe7
15. Rc1 Rc8 16. b4 Nc6 17. a3 Nxe5 18. Bxe5 Rc6 19. O-O Rac8 20. Ne2 Kf8 21.
Bd6+ Kg8 22. Rxc6 Rxc6 23. Bc5 Nd7 24. Rc1 Nxc5 25. Rxc5 Rxc5 {Black resigns}
1-0

[Event "Team 45 45 League T86"]
[Site "Internet Chess Club"]
[Date "2020.11.03"]
[Round "5"]
[White "pagliaci"]
[Black "kabubi"]
[Result "1-0"]
[WhiteElo "1253"]
[BlackElo "1122"]
[Opening "Two knights defense"]
[ECO "C59"]
[Time "14:34:30"]
[TimeControl "2700+45"]

1. e4 e5 2. Nf3 Nc6 3. Bc4 Nf6 4. Ng5 d5 5. exd5 Na5 6. Bb5+ c6 7. dxc6 bxc6 8.
Be2 Bc5 9. O-O h6 10. Nf3 Qe7 11. Re1 O-O 12. d4 exd4 13. Nxd4 Rd8 14. Be3 a6
15. c3 Bxd4 16. cxd4 Nb7 17. Nc3 Bf5 18. Qa4 c5 19. Rad1 cxd4 20. Rxd4 Rxd4 21.
Qxd4 Rd8 22. Qa4 a5 23. Bf3 Qb4 24. Bxb7 Qxb7 25. Qxa5 {Black resigns} 1-0

[Event "Team 45 45 League T86"]
[Site "Internet Chess Club"]
[Date "2020.11.01"]
[Round "5"]
[White "WzeroMN"]
[Black "arconia"]
[Result "0-1"]
[WhiteElo "1064"]
[BlackElo "1261"]
[Opening "KP: Nimzovich defense"]
[ECO "B00"]
[Time "14:41:09"]
[TimeControl "2700+45"]

1. e4 Nc6 2. Nf3 e6 3. Bb5 Be7 4. O-O d6 5. d4 a6 6. Bxc6+ bxc6 7. Nc3 Bb7 8. b4
Nf6 9. Bg5 O-O 10. Re1 h6 11. Bxf6 Bxf6 12. a4 c5 13. bxc5 dxc5 14. e5 Bg5 15.
dxc5 Qxd1 16. Raxd1 Bxf3 17. gxf3 Rab8 18. Rd7 Rb2 19. Re2 f6 20. Rxc7 Bf4 21.
Ra7 Bxe5 22. c6 Bxc3 23. Rxe6 a5 24. Ree7 f5 25. c7 Rxc2 26. Rd7 Bf6 27. Rb7
Rxc7 28. Rdxc7 Re8 29. Ra7 h5 30. Rxa5 Be5 31. Rcc5 Bd4 32. Rc1 Re2 33. Rf1 g6
34. Rd5 Bc3 35. a5 Ra2 36. Rc5 Bxa5 37. Rc8+ Kh7 38. Rcc1 h4 39. Ra1 Rxa1 40.
Rxa1 Bc3 41. Ra7+ Kh6 42. h3 Kg5 43. Kg2 Bd4 44. Rd7 Bf6 45. Rc7 Kh6 46. Rc4 Kh5
47. f4 g5 48. Rc6 Bd4 49. fxg5 Kxg5 50. f3 Ba7 51. Rc7 Bd4 52. Rd7 Be5 53. Rd8
Kh5 54. Rf8 Kg5 55. Kf2 Bd4+ 56. Ke2 Kf4 57. Re8 Kg3 58. Rd8 Bb6 59. Rd5 f4 60.
Rg5+ Kxh3 61. Rg6 Be3 62. Kd3 Bf2 63. Rf6 Bg3 64. Ke4 Kg2 65. Rg6 h3 66. Rh6 h2
67. Rxh2+ Bxh2 68. Kd3 Kxf3 69. Kd2 Ke4 70. Ke2 f3+ 71. Kf2 Bc7 72. Kf1 Ke3 73.
Ke1 Ba5+ 74. Kf1 f2 75. Kg2 Ke2 76. Kh1 f1=Q+ 77. Kh2 Bc7# {White checkmated}
0-1

[Event "Team 45 45 League T86"]
[Site "Internet Chess Club"]
[Date "2020.10.30"]
[Round "5"]
[White "mongmong"]
[Black "noblitz-oblige"]
[Result "1-0"]
[WhiteElo "1447"]
[BlackElo "1510"]
[Opening "King's Indian: orthodox, 7...Nbd7"]
[ECO "E94"]
[Time "20:04:39"]
[TimeControl "2700+45"]

1. d4 Nf6 2. Nf3 g6 3. c4 Bg7 4. Nc3 O-O 5. e4 d6 6. Be2 Nbd7 7. O-O e5 8. Be3
Ng4 9. Bg5 Qe8 10. Nd5 f6 11. Nxc7 Qe7 12. Nxa8 fxg5 13. Nc7 exd4 14. Nd5 Qxe4
15. Nd2 {Black resigns} 1-0

[Event "Team 45 45 League T86"]
[Site "Internet Chess Club"]
[Date "2020.11.03"]
[Round "5"]
[White "stanbeers"]
[Black "xingon"]
[Result "0-1"]
[WhiteElo "1410"]
[BlackElo "1363"]
[Opening "Queen's Indian: 4.Nc3"]
[ECO "E12"]
[Time "20:01:47"]
[TimeControl "2700+45"]

1. d4 Nf6 2. c4 e6 3. Nf3 b6 4. Nc3 Bb4 5. Bd2 c5 6. e3 Nc6 7. Nb5 O-O 8. a3
Bxd2+ 9. Qxd2 a6 10. Nc3 Bb7 11. Be2 Qc7 12. O-O Rfd8 13. h3 d5 14. Rfd1 Rd7 15.
cxd5 Nxd5 16. Nxd5 Rxd5 17. Qc2 Rad8 18. b4 cxb4 19. axb4 Qd6 20. b5 Nb4 21. Qb3
a5 22. Rac1 Bc8 23. Rc3 Bd7 24. Rdc1 Bxb5 25. Bxb5 Rxb5 26. Rc4 h6 27. Qa3 Nd5
28. Qa4 Rb4 29. Qc2 Rxc4 30. Qxc4 Rb8 31. Ne5 b5 32. Qc6 Qxc6 33. Nxc6 Ra8 34.
Rc5 a4 35. Rxb5 a3 36. Rb1 a2 37. Ra1 Nc3 38. Nb4 Ra4 39. Nc2 Rc4 40. Kh2 Kf8
41. f3 Ke7 42. e4 Kd7 43. d5 exd5 44. Ne3 Rb4 45. Nxd5 Nxd5 46. exd5 Rb2 47. Kg3
Kd6 {White resigns} 0-1

[Event "Team 45 45 League T86"]
[Site "Internet Chess Club"]
[Date "2020.10.29"]
[Round "5"]
[White "g8wrb"]
[Black "kingsrook"]
[Result "1-0"]
[WhiteElo "1268"]
[BlackElo "1129"]
[Opening "Nimzovich-Larsen attack: modern variation"]
[ECO "A01"]
[Time "14:02:49"]
[TimeControl "2700+45"]

1. b3 e5 2. Bb2 Nc6 3. e3 a6 4. d3 d5 5. Nc3 Nf6 6. e4 d4 7. Nce2 Bb4+ 8. c3
dxc3 9. Bxc3 Bxc3+ 10. Nxc3 Qd4 11. Nge2 Qd8 12. h3 O-O 13. f4 exf4 14. Nxf4 Qd4
15. Qd2 Re8 16. Be2 b5 17. Rc1 Bb7 18. Ncd5 Rac8 19. Nxf6+ Qxf6 20. O-O Qd4+ 21.
Kh1 Nb4 22. a3 Nxd3 23. Qxd3 Qxd3 24. Bxd3 Bxe4 25. Bxe4 Rxe4 26. Nd5 c6 27.
Rxc6 Rxc6 28. Nb4 Rd6 29. Rc1 Re8 30. a4 bxa4 31. bxa4 a5 32. Nc6 Ra8 33. Nxa5
Rda6 34. Nb3 Rxa4 35. Nd2 Ra1 36. Rf1 Rxf1+ 37. Nxf1 Ra1 38. Kg1 g5 39. Kf2 f5
40. Ne3 Ra2+ 41. Kf3 Ra3 42. Kf2 f4 43. Ng4 Kg7 44. Ne5 h5 45. Nc4 Ra2+ 46. Kf3
Kf6 47. Nd6 Ke6 48. Ne4 Ra3+ 49. Kf2 Kf5 50. Nd6+ Ke5 51. Nc4+ Kf5 52. Nxa3 g4
53. h4 Ke4 54. Nc2 g3+ 55. Kf1 Kf5 56. Ne1 Kg4 57. Nf3 Kf5 58. Ke2 Ke4 59. Ng5+
Kf5 60. Kf3 Ke5 61. Nh3 Kf5 62. Nxf4 Ke5 63. Nxh5 Kf5 64. Kxg3 Kg6 65. Kg4 Kh6
66. g3 Kg6 67. Nf4+ Kh6 68. Kf5 Kh7 69. Kg5 Kg7 70. g4 Kh7 71. Kf6 Kh6 72. Kf7
Kh7 73. g5 Kh8 74. h5 Kh7 75. Kf8 Kh8 76. h6 Kh7 77. g6+ Kxh6 78. g7 Kg5 79.
g8=Q+ Kxf4 80. Qe6 Kg5 81. Qe5+ Kg4 82. Qf6 Kh5 83. Qf5+ Kh4 84. Qg6 Kh3 85. Qg5
Kh2 86. Qg4 Kh1 87. Kf7 Kh2 88. Kf6 Kh1 89. Kf5 Kh2 90. Kf4 Kh1 91. Kf3 Kh2 92.
Qg2# {Black checkmated} 1-0

[Event "Team 45 45 League T86"]
[Site "Internet Chess Club"]
[Date "2020.11.03"]
[Round "5"]
[White "Egmont"]
[Black "QuieroAprender"]
[Result "1-0"]
[WhiteElo "1724"]
[BlackElo "1595"]
[Opening "QGD: exchange, positional line, 6.Qc2"]
[ECO "D36"]
[Time "11:00:31"]
[TimeControl "2700+45"]

1. d4 d5 2. c4 Nf6 3. Nc3 e6 4. cxd5 exd5 5. Bg5 c6 6. Qc2 Be7 7. e3 Bg4 8. Bd3
Nbd7 9. h3 Be6 10. Nf3 Ne4 11. Bxe7 Qxe7 12. Nxe4 dxe4 13. Bxe4 Nf6 14. Bd3 Qb4+
15. Qd2 Nd5 16. a3 Qb3 17. O-O f6 18. Rfc1 Qb6 19. b4 g5 20. Qc2 g4 21. hxg4
Bxg4 22. Nh4 O-O-O 23. b5 Bd7 24. bxc6 Bxc6 25. Rab1 Qc7 26. Nf5 Rhg8 27. Bb5
Rg5 28. e4 Rxg2+ 29. Kxg2 Rg8+ 30. Kf1 Qh2 31. exd5 Qg1+ 32. Ke2 Re8+ 33. Kd3
Qg6 34. Kc3 Bxb5 35. Nd6+ {Black resigns} 1-0

[Event "Team 45 45 League T86"]
[Site "Internet Chess Club"]
[Date "2020.10.29"]
[Round "5"]
[White "Portola"]
[Black "Goli"]
[Result "0-1"]
[WhiteElo "1628"]
[BlackElo "1746"]
[Opening "King's Indian: Torre attack"]
[ECO "A48"]
[Time "14:00:06"]
[TimeControl "2700+45"]

1. d4 Nf6 2. Nf3 g6 3. Bg5 Bg7 4. c3 O-O 5. Nbd2 d6 6. e3 c5 7. Bd3 cxd4 8. exd4
Nc6 9. Qc2 a6 10. a4 Bd7 11. O-O Rc8 12. Qb3 Qc7 13. Rfe1 Be6 14. Qa3 h6 15. Bh4
g5 16. Bg3 Nh5 17. Re2 Nxg3 18. hxg3 Bg4 19. Ree1 Qd7 20. Bf1 Bf5 21. Rac1 Bg6
22. b4 e6 23. b5 Nb8 24. bxa6 bxa6 25. Nc4 Rc6 26. a5 Qc7 27. Nb6 Nd7 28. Nxd7
Qxd7 29. Bxa6 Rxa6 30. Nd2 Rb8 31. Nc4 d5 32. Ne3 Rb5 33. Qa2 Rbxa5 34. Qd2 Ra2
35. Qd1 Qa4 36. Qf3 Qb5 37. g4 Qb2 38. Nf1 Ra1 39. Rxa1 Rxa1 40. Qe3 Rxe1 41.
Qxe1 Qb1 42. Qxb1 Bxb1 43. Ne3 Bd3 44. f3 Bc4 45. Nxc4 dxc4 46. Kf2 Kf8 47. Ke3
Ke7 48. Ke4 Kd6 49. g3 f5+ 50. gxf5 exf5+ 51. Kxf5 Bxd4 {White resigns} 0-1

[Event "Team 45 45 League T86"]
[Site "Internet Chess Club"]
[Date "2020.11.01"]
[Round "5"]
[White "MrAbendroth"]
[Black "julesraider"]
[Result "1-0"]
[WhiteElo "1680"]
[BlackElo "1563"]
[Opening "Caro-Kann: two knights variation"]
[ECO "B11"]
[Time "11:01:35"]
[TimeControl "2700+45"]

1. e4 c6 2. Nc3 d5 3. Nf3 dxe4 4. Nxe4 Bg4 5. d4 Nd7 6. Bc4 e6 7. Qe2 Bxf3 8.
Qxf3 Ngf6 9. Ng5 Be7 10. O-O O-O 11. Qh3 Nb6 12. Bd3 h6 13. Nf3 Qd5 14. Ne5 Qxd4
15. Re1 Bd6 16. c3 Qd5 17. Bf4 Rad8 18. Rad1 Qxa2 19. Bxh6 Bxe5 20. Bxg7 Bxh2+
21. Qxh2 Kxg7 22. Qg3+ Kh6 23. Qf4+ Kg7 24. Qg5+ Kh8 25. Qxf6+ Kg8 26. Qg5+ Kh8
27. Qh6+ Kg8 28. Qh7# {Black checkmated} 1-0

[Event "Team 45 45 League T86"]
[Site "Internet Chess Club"]
[Date "2020.10.30"]
[Round "5"]
[White "olivermx"]
[Black "cityprosecutor"]
[Result "0-1"]
[WhiteElo "1325"]
[BlackElo "1616"]
[Opening "Pirc: Austrian attack"]
[ECO "B09"]
[Time "23:27:03"]
[TimeControl "2700+45"]

1. e4 d6 2. d4 Nf6 3. Nc3 g6 4. f4 c5 5. dxc5 Qa5 6. cxd6 Nxe4 7. Bd2 Nxd6 8.
Bd3 Bg7 9. Nf3 O-O 10. O-O Nc6 11. a3 Bg4 12. h3 Qb6+ 13. Kh1 Bxf3 14. Rxf3 Qxb2
15. Qe1 Rfe8 16. Ra2 Qb6 17. Nd5 Qd8 18. Bc3 Nf5 19. Bxg7 Qxd5 20. c4 Qc5 21.
Bc3 Ncd4 22. Rff2 a5 23. Bxf5 Nxf5 24. Qe5 Qxe5 25. Bxe5 Rac8 26. Rac2 f6 27.
Bb2 Ne3 28. Rc1 Rxc4 29. Rd2 Kf7 30. Rd7 b6 31. Rxc4 Nxc4 32. Bd4 Nxa3 33. Bxb6
Nc4 34. Bc5 Ke6 35. Ra7 h5 36. Bd4 Kf5 37. g3 Ke4 38. Bc3 Kf3 39. Kh2 Ne3 40.
Ra6 Nf1+ 41. Kg1 Nxg3 42. Bxa5 Rb8 43. Rb6 Rxb6 44. Bxb6 Ne2+ 45. Kh2 Nxf4 46.
Bd8 Nd5 {White resigns} 0-1